 Dungeon Crawl Stone Soup version 0.29.1-15-g9cfb28693d (webtiles) character file.

Game seed: 7725085713264678395

14689 leafyfresh the Fighter (level 12, -14/105 HPs)
             Began as an Octopode Delver on Mar 5, 2023.
             Was a Priest of Ashenzari.
             Killed from afar by an ogre mage (35 damage)
             ... with a bolt of magma
             ... on level 1 of the Orcish Mines.
             The game lasted 00:39:18 (15826 turns).

leafyfresh the Fighter (Octopode Delver)           Turns: 15826, Time: 00:39:18

Health: -14/105    AC:  8    Str: 17    XL:     12   Next: 19%
Magic:  8/20       EV: 20    Int: 29    God:    Ashenzari [***...]
Gold:   1042       SH:  5    Dex: 17    Spells: 3/22 levels left

rFire   . . .      SeeInvis +   x - +5 whip "Profound Fortune-Teller" {protect, rPois Str+7, Elem, Self} (curse)
rCold   . . .      Faith    .   (no shield)
rNeg    . . .      Spirit   .   I - +0 hat of Ashenzari's Scepticism {Will+, Comp, Self} (curse)
rPois   +          Reflect  +   G - amulet "Ruined Dissatisfaction" {Reflect SH+5, Evo, Elem} (curse)
rElec   .          Harm     .   l - ring "Chained Gnosis" {Slay+4, Alch, Fort} (curse)
rCorr   .          Rampage  .   B - ring "Share My Discomfort" {Int+6, Self, Alch} (curse)
Will    +....      Clarity  +   H - ring of Ashenzari's Stars {Int+6, Melee, Cun} (curse)
Stlth   ++++++....              (no ring)
HPRegen 0.27/turn               (no ring)
MPRegen 0.17/turn               (no ring)
                                (no ring)
                                (no ring)

@: mighty, under a protective aura, invisible
A: almost no armour, amphibious, 8 rings, camouflage 1, gelatinous body 1,
(nimble swimmer 1), tentacles, agile 1, poison resistance, robust 1
a: Renounce Religion, Curse Item, Shatter the Chains


You were on level 1 of the Orcish Mines.
You worshipped Ashenzari.
Ashenzari was most pleased with you.
You visited 3 branches of the dungeon, and saw 14 of its levels.
You also visited: Ossuary and Bailey.

You collected 1042 gold pieces.

Inventory:

Hand Weapons
 m - the +7 halberd "Weynnuor" {antimagic, Int+9}
   (You found it on level 8 of the Dungeon)

   It reduces the magical energy of the wielder, and disrupts the spells and
   magical abilities of those it strikes.
   Natural abilities and divine invocations are not affected.
   Int:       It affects your intelligence (+9).
 x - the cursed +5 whip "Profound Fortune-Teller" (weapon) {protect, rPois Str+7, Elem, Self}
   (You found it on level 3 of the Dungeon)

   It grants its wielder temporary protection when it strikes (+7 to AC).
   Str:       It affects your strength (+7).
   rPois:     It protects you from poison.
   It has a curse which improves the following skills: Elements: Fire Magic, Ice
   Magic, Air Magic and Earth Magic.
   Introspection: Fighting and Spellcasting.
 O - the +3 quarterstaff of Cowardice {spect, Fragile Dex+3}
   (You found it on level 11 of the Dungeon)

   When its wielder attacks, the weapon's spirit leaps out and strikes again.
   The spirit shares a part of any damage it takes with its wielder.
   Dex:       It affects your dexterity (+3).
   Fragile:   It will be destroyed if unequipped.
Missiles
 r - 2 throwing nets (quivered)
Armour
 I - the cursed +0 hat of Ashenzari's Scepticism (worn) {Will+, Comp, Self}
   (You took it off Gastronok on level 8 of the Dungeon)

   It has a curse which improves the following skills: Companions: Summonings
   and Necromancy.
   Introspection: Fighting and Spellcasting.
Jewellery
 l - the cursed ring "Chained Gnosis" (left tentacle) {Slay+4, Alch, Fort}
   (You found it on level 5 of the Dungeon)

   [ring of slaying]

   Slay:      It affects your accuracy & damage with ranged weapons and melee
   (+4).
   It has a curse which improves the following skills: Alchemy: Poison Magic and
   Transmutations.
   Fortitude: Shields.
 B - the cursed ring "Share My Discomfort" (right tentacle) {Int+6, Self, Alch}
   (You found it on level 7 of the Dungeon)

   [ring of intelligence]

   Int:       It affects your intelligence (+6).
   It has a curse which improves the following skills: Introspection: Fighting
   and Spellcasting.
   Alchemy:   Poison Magic and Transmutations.
 E - an amulet of magic regeneration
 G - the cursed amulet "Ruined Dissatisfaction" (around mantle) {Reflect SH+5, Evo, Elem}
   (You found it on level 9 of the Dungeon)

   [amulet of reflection]

   It reflects blocked missile attacks.
   SH:        It affects your SH (+5).
   It has a curse which improves the following skills: Evocations: Evocations.
   Elements:  Fire Magic, Ice Magic, Air Magic and Earth Magic.
 H - the cursed ring of Ashenzari's Stars (on tentacle) {Int+6, Melee, Cun}
   (You found it on level 7 of the Dungeon)

   [ring of intelligence]

   Int:       It affects your intelligence (+6).
   It has a curse which improves the following skills: Melee Combat: Short
   Blades, Long Blades, Axes, Maces & Flails, Polearms, Staves and Unarmed
   Combat.
   Cunning:   Dodging and Stealth.
 M - an amulet of regeneration
Wands
 f - a wand of digging (2)
 g - a wand of flame (38)
 n - a wand of paralysis (11)
 A - a wand of roots (15)
 J - a wand of polymorph (1)
Scrolls
 a - a scroll of enchant armour
 b - 3 scrolls of fog
 c - 2 scrolls of magic mapping
 d - a scroll of fear
 h - 17 scrolls of identify
 j - 2 scrolls of teleportation
 k - a scroll of summoning
 o - 2 scrolls of amnesia
 q - 2 scrolls of immolation
 s - 3 scrolls of vulnerability
 t - a scroll of noise
 y - a scroll of enchant weapon
 K - a scroll of poison
 L - a scroll of blinking
Potions
 e - 8 potions of haste
 i - 5 potions of mutation
 p - 4 potions of lignification
 u - a potion of heal wounds
 v - 2 potions of curing
 w - a potion of invisibility
 z - a potion of flight
 C - a potion of ambrosia
 F - a potion of magic


   Skills:
 - Level 11.1(14.2) Fighting
 - Level 2.0(3.2) Short Blades
 - Level 9.7(11.3) Dodging
 - Level 9.6(11.2) Stealth
 - Level 3.0(5.7) Spellcasting
 + Level 7.2 Conjurations
 - Level 4.9(7.2) Transmutations
 + Level 7.2(9.7) Fire Magic
 - Level 3.2(5.3) Ice Magic


You had 3 spell levels left.
You knew the following spells:

 Your Spells              Type           Power      Damage    Failure   Level
a - Ice Form              Ice/Tmut       45%        N/A       4%          4
b - Frozen Ramparts       Ice            78%        1d12      1%          3
c - Summon Ice Beast      Ice/Summ       24%        N/A       19%         4
d - Call Canine Familiar  Summ           9%         N/A       16%         3
e - Irradiate             Conj/Tmut      25%        3d20      9%          5

Your spell library contained the following spells:

 Spells                   Type           Power      Damage    Failure   Level
 Magic Dart               Conj           100%       1d8       1%          1
 Searing Ray              Conj           100%       2d8       1%          2
 Summon Small Mammal      Summ           36%        N/A       5%          1
 Slow                     Hex            32%        N/A       6%          1
 Sublimation of Blood     Necr           9%         N/A       9%          2
 Vampiric Draining        Necr           9%         2d6       16%         3
 Confusing Touch          Hex            8%         N/A       17%         3
 Summon Guardian Golem    Hex/Summ       8%         N/A       17%         3
 Petrify                  Tmut/Erth      30%        N/A       12%         4
 Fulminant Prism          Conj/Hex       14%        3d9       13%         4


Dungeon Overview and Level Annotations

Branches:
Dungeon (11/15)            Temple (1/1) D:4            Lair (0/5) D:9
    Orc (2/2) D:9             Elf (0/3) Orc:2       Ossuary (visited)
 Bailey (visited)

Altars:
Ashenzari
Cheibriados
Dithmenos
Elyvilon
Fedhas
Gozag
Hepliaklqana
Kikubaaqudgha
Makhleb
Nemelex Xobeh
Okawaru
Qazlal
Ru
Sif Muna
Trog
Wu Jian
Yredelemnul
The Shining One

Shops:
D:2 =   D:4 =   D:7 (   D:8 [   Orc:2 :


Innate Abilities, Weirdness & Mutations

You cannot wear most types of armour.
You are amphibious.
You can wear up to eight rings at the same time.
Your skin changes colour to match your surroundings (Stealth+).
Your rubbery body absorbs attacks. (AC +1, EV +1)
((You are camouflaged when in or above water. (Stealth+)))
You have tentacles for arms and can constrict up to eight enemies at once.
You are agile. (Dex +4, Str/Int -1)
Your system is resistant to poisons. (rPois)
You are robust. (+10% HP)


Message History

Your frozen ramparts will break if you move.
Continue?
Okay, then.
Your frozen ramparts will break if you move.
Continue?
The frozen ramparts melt away as you move.
The orc sorcerer hits you with a +0 dagger!
Items here: ))) [[[ ††.
You hit the orc sorcerer.
Your weapon exudes an aura of protection.
You grab the orc sorcerer.
The orc sorcerer is lightly wounded.
You constrict the orc sorcerer. The orc sorcerer casts a spell at you.
The bolt of fire hits you!! The ogre mage hits you with a +0 whip!
* * * LOW HITPOINT WARNING * * *
As you read the scroll of fear, it crumbles to dust.
You assume a fearsome visage.
The ogre mage looks frightened!
The orc sorcerer looks frightened!
You constrict the orc sorcerer.
The orc sorcerer struggles to escape constriction.
The ogre mage casts a spell.
The ogre mage flickers and vanishes for a moment.
Unknown command.
Unknown command.
You catch the helpless ogre mage completely off-guard!
You thrash the ogre mage!!
Your attack snaps the ogre mage out of its fear.
The ogre mage is moderately wounded.
You constrict the orc sorcerer.
The orc sorcerer struggles to escape constriction.
Unknown command.
You whack the orc sorcerer!
Your attack snaps the orc sorcerer out of its fear.
You squeeze the orc sorcerer!
You kill the orc sorcerer!
You hear an angry buzzing noise.
Something stings your ice beast! x2
Your ice beast dies!
Your ice beast disappears in a puff of smoke!
The ogre mage gestures at you while chanting.
The bolt of magma hits you!!
You die...

,#...#............ # ..
..#...##........... ## *
#. #..#...#...........
.# ,
*..*..#...#...........
## #. #..#..#...........
#
,,#..#..#..'......#....
*..#O.#y.#........... ,
#).#.Y.#........... *
#.@#{..#........... ,
#..#§..##........... * ,
#..#)..#............ *{
{....)..##............ *
##########............
##.....................
#
##......................
#
#.......................
#
##......................


You could see an ogre mage (invisible).

Vanquished Creatures
  3 ogre magi (Orc:1)
  A two-headed ogre (D:8)
  An orc knight (Orc:1)
  4 orc sorcerers (Orc:1)
  A komodo dragon (D:10)
  A troll (Orc:1)
  2 hornets (Orc:1)
  Sigmund (D:2)
  A shadow (D:9)
  A basilisk (D:9)
  2 wraiths (D:11)
  4 yaks (D:9)
  Grum (D:10)
  A steam dragon (D:10)
  3 wargs
  3 vampire mosquitoes (D:10)
  A water moccasin (D:7)
  2 black bears (D:5)
  14 orc warriors
  5 ogres
  2 centaurs (D:9)
  4 wolves (D:10)
  A phantom (D:6)
  A nameless horror (Orc:1)
  3 kobold brigands
  Blork the orc (D:6)
  3 necrophages (D:4)
  A bullfrog (D:8)
  A scorpion (D:6)
  A gnoll sergeant (D:9)
  13 wights
  An electric eel (D:8)
  2 jellies (D:6)
  3 howler monkeys
  13 orc priests
  A hound (D:4)
  2 iguanas
  3 mummies (Ossuary)
  Jessica (D:2)
  9 orc wizards
  Robin (D:3)
  2 gnolls (D:9)
  5 adders
  2 shadow imps
  2 white imps (D:7)
  5 ufetubi
  3 worms
  A dart slug (D:2)
  31 orcs
  8 endoplasms
  6 giant cockroaches
  12 hobgoblins
  3 jackals
  5 quokkas
  7 ball pythons
  2 bats
  3 frilled lizards
  16 goblins
  13 kobolds
  5 rats
  A spectral orc (D:5)
251 creatures vanquished.

Vanquished Creatures (collateral kills)
  Gastronok (D:8)
  A two-headed ogre (D:9)
  A hornet (Orc:1)
  A floating eye (Orc:1)
  4 orc warriors
  An ogre (Orc:1)
  A centaur (D:10)
  A wight (D:7)
  A howler monkey (D:9)
  2 orc priests (D:9)
  3 orc wizards
  3 gnolls (D:9)
  16 orcs
36 creatures vanquished.

Vanquished Creatures (others)
  2 plants (D:3)
  6 withered plants (Ossuary)
8 creatures vanquished.

Grand Total: 295 creatures vanquished

Notes
Turn   | Place    | Note
-------+----------+-------------------------------------------
     0 | D:5      | leafyfresh the Octopode Delver began the quest for the Orb.
     0 | D:5      | Reached XP level 1. HP: 16/16 MP: 1/1
    15 | D:5      | Reached XP level 2. HP: 21/21 MP: 2/2
   193 | D:5      | Reached XP level 3. HP: 16/26 MP: 3/3
   446 | D:5      | Found a sacrificial altar of Ru.
   603 | D:5      | Found a basalt altar of Yredelemnul.
   610 | D:5      | Reached XP level 4. HP: 32/32 MP: 4/4
   705 | D:5      | Noticed a black bear
   712 | D:5      | Killed a black bear
   713 | D:5      | Reached skill level 4 in Fighting
   713 | D:5      | Reached XP level 5. HP: 17/37 MP: 5/5
   898 | D:5      | Noticed a black bear
   905 | D:5      | Killed a black bear
   906 | D:5      | Reached XP level 6. HP: 36/44 MP: 6/6
  1979 | D:4      | Reached skill level 5 in Fighting
  2104 | D:4      | Found Cepuenil's Jewellery Boutique.
  2133 | D:4      | Found a staircase to the Ecumenical Temple.
  2138 | D:4      | Reached XP level 7. HP: 50/50 MP: 7/7
  2143 | Temple   | Entered the Ecumenical Temple
  2277 | Temple   | Became a worshipper of Ashenzari the Shackled
  2822 | D:3      | Noticed Robin
  2862 | D:2      | Noticed Jessica
  2867 | D:2      | Killed Jessica
  3189 | D:2      | Found Reunt's Jewellery Emporium.
  3465 | D:2      | Noticed Sigmund
  3474 | D:2      | Killed Sigmund
  3475 | D:2      | Reached skill level 5 in Dodging
  4437 | D:3      | Identified the +5 whip of Piruilan {protect, rPois Str+7}
  4445 | D:3      | Learned a level 4 spell: Ice Form
  4445 | D:3      | Found a shadowy altar of Dithmenos.
  4541 | D:3      | Found an ornate altar of the Wu Jian Council.
  4587 | D:3      | Reached skill level 1 in Transmutations
  4626 | D:3      | Killed Robin
  4703 | D:3      | Found a white marble altar of Elyvilon.
  4732 | D:3      | Found a sparkling altar of Nemelex Xobeh.
  5218 | D:6      | Noticed Blork the orc
  5222 | D:6      | Killed Blork the orc
  5223 | D:6      | Reached XP level 8. HP: 57/57 MP: 8/8
  5518 | D:6      | Reached skill level 1 in Spellcasting
  5518 | D:6      | Reached skill level 1 in Ice Magic
  5994 | D:6      | Identified the +3 leather armour of Joy {rC++ Str+3 Int+7}
  6099 | D:6      | Reached * piety under Ashenzari
  6101 | D:6      | Gained mutation: You possess an exceptional clarity of
                  | mind. [potion of mutation]
  6142 | D:6      | Lost mutation: You possess an exceptional clarity of mind.
                  | [potion of mutation]
  6142 | D:6      | Gained mutation: Your system is resistant to poisons.
                  | (rPois) [potion of mutation]
  6142 | D:6      | Gained mutation: You are robust. (+10% HP) [potion of
                  | mutation]
  6142 | D:6      | Gained mutation: You are agile. (Dex +4, Str/Int -1)
                  | [potion of mutation]
  6957 | D:7      | Found a sand-covered staircase.
  6988 | Ossuary  | Entered an ossuary
  7010 | Ossuary  | Reached XP level 9. HP: 28/66 MP: 14/14
  7014 | Ossuary  | Learned a level 3 spell: Frozen Ramparts
  7047 | Ossuary  | HP: 2/80 [hornet zombie (7)]
  7466 | D:7      | Reached skill level 6 in Fighting
  7759 | D:7      | Found Voimmesi's Weapon Shoppe.
  8006 | D:7      | Learned a level 4 spell: Summon Ice Beast
  8012 | D:7      | Reached skill level 7 in Fighting
  8350 | D:8      | Noticed Gastronok
  8350 | D:8      | Identified the +7 halberd "Weynnuor" {antimagic, Int+9}
  8350 | D:8      | Found a flagged portal.
  8365 | D:8      | Killed Gastronok
  8366 | D:8      | Reached skill level 8 in Fighting
  8442 | D:8      | Found Cheibriados's Comfort Zone.
  8442 | D:8      | Found a snail-covered altar of Cheibriados.
  8452 | D:8      | Learned a level 3 spell: Call Canine Familiar
  8483 | D:8      | Reached XP level 10. HP: 80/83 MP: 16/16
  8505 | D:8      | Noticed a two-headed ogre
  8524 | D:8      | Killed a two-headed ogre
  8525 | D:8      | Reached skill level 9 in Fighting
  8953 | Bailey   | Entered a bailey
 10152 | D:9      | Noticed a two-headed ogre
 10153 | D:9      | Reached ** piety under Ashenzari
 10160 | D:9      | Killed a two-headed ogre
 10161 | D:9      | Reached skill level 10 in Fighting
 10935 | D:9      | Found a staircase to the Lair.
 11036 | D:9      | Reached XP level 11. HP: 92/94 MP: 17/17
 11047 | D:9      | Reached skill level 11 in Fighting
 11282 | D:9      | Found a staircase to the Orcish Mines.
 11536 | D:9      | Learned a level 5 spell: Irradiate
 11537 | D:10     | Entered Level 10 of the Dungeon
 11694 | D:10     | Reached skill level 1 in Conjurations
 11694 | D:10     | Reached skill level 1 in Fire Magic
 11896 | D:10     | Found an opulent altar of Gozag.
 11934 | D:10     | Found a shimmering blue altar of Sif Muna.
 12367 | D:10     | Reached *** piety under Ashenzari
 12611 | D:10     | Noticed Grum
 12628 | D:10     | Killed Grum
 13042 | D:11     | Identified the +3 quarterstaff of Cowardice {spect, Fragile
                  | Dex+3}
 13047 | D:11     | Noticed a cyclops
 13326 | Orc:1    | Entered Level 1 of the Orcish Mines
 13890 | Orc:2    | Entered Level 2 of the Orcish Mines
 13900 | Orc:2    | Found a staircase to the Elven Halls.
 14017 | Orc:2    | Identified the cursed +0 hat of Ashenzari's Scepticism
                  | {Will+, Comp, Self} (You took it off Gastronok on level 8
                  | of the Dungeon)
 14244 | Orc:2    | Found Yvarirusch's Book Emporium.
 14882 | Orc:1    | Noticed an orc knight
 14907 | Orc:1    | Noticed an orc sorcerer
 14911 | Orc:1    | Reached skill level 5 in Conjurations
 14911 | Orc:1    | Reached skill level 5 in Fire Magic
 15269 | Orc:1    | Killed an orc sorcerer
 15288 | Orc:1    | Killed an orc knight
 15794 | Orc:1    | Paralysed by a floating eye for 4 turns
 15800 | Orc:1    | Noticed an orc sorcerer
 15802 | Orc:1    | Noticed an ogre mage
 15803 | Orc:1    | Noticed an orc sorcerer
 15807 | Orc:1    | Killed an ogre mage
 15807 | Orc:1    | Noticed an ogre mage
 15808 | Orc:1    | Reached XP level 12. HP: 92/105 MP: 11/20
 15809 | Orc:1    | Noticed a soul eater
 15810 | Orc:1    | Noticed an ogre mage
 15817 | Orc:1    | Noticed an ogre mage
 15819 | Orc:1    | Killed an ogre mage
 15821 | Orc:1    | Killed an ogre mage
 15826 | Orc:1    | Killed from afar by an ogre mage

Illustrated notes

Levels and vault maps discovered:
D:1:      minmay_arrival_checkered_box, layout_rooms
D:2:      layout_loops_corners, serial_shops, nicolae_shop_behind_doors,
          grunt_decor_resistance, kennysheep_nondescript, uniq_sigmund,
          uniq_jessica
D:3:      layout_rooms, mainiacjoe_overflow_catwalk,
          nicolae_elyvilon_temple_path, nemelex_spade_bored_becter,
          nicolae_dithmenos_shadow_blocks, serial_bayou_pond_a, uniq_robin
D:4:      layout_basic, minmay_temple_entry_wispy, serial_shops, shop
D:5:      layout_loops_ring, nicolae_ru_great_annihilating_truth,
          yredelemnul_forgotten_temple_becter, chequers_serial_rivers_marsh
D:6:      layout_gridville, uniq_blork_the_orc
D:7:      layout_loops_ring, chequers_ossuary_entry_cave,
          nicolae_take_the_stairs
D:8:      layout_rooms, enter_bailey_2, minmay_shop_chei, nicolae_water_bricks,
          nicolae_zen_rock_garden, uniq_gastronok
D:9:      layout_cave_pods, lair_entry_dummy, minmay_orc_entry_temple_small,
          corexii_corridor_pit, minmay_between
D:10:     nicolae_cairo_tiling, layout_loops_cross, led_sif_pool,
          nicolae_gozag_seed_capital, uniq_grum
D:11:     layout_loops_ring
Temple:   eino_temple_water
Orc:1:    hellmonk_paralyzer, layout_diamond_mine
Orc:2:    grunt_orc_community_town_hall, layout_caves,
          grunt_orc_community_big_house_2, grunt_orc_community_big_house_2,
          grunt_orc_community_house_1, grunt_orc_community_house_3,
          grunt_orc_community_house_3, grunt_orc_community_house_2,
          grunt_orc_community_house_1, mines5_lemuel

Skill      XL: |  1  2  3  4  5  6  7  8  9 10 11 12 |
---------------+-------------------------------------+-----
Stealth        | 7 8 9 |  9.6
Fighting       | 4 5 8 10 11 | 11.1
Dodging        | 3 4 5 6 9 |  9.7
Transmutations | 2 4 |  4.9
Spellcasting   | 3 |  3.0
Ice Magic      | 3 |  3.2
Conjurations   | 6 7 |  7.2
Fire Magic     | 6 7 |  7.2
Short Blades   | |  2.0

Action                   |  1- 3 |  4- 6 |  7- 9 | 10-12 || total
-------------------------+-------+-------+-------+-------++-------
Melee: Short sword       |    32 |    46 |    70 |       ||   148
       Tentacles         |     6 |    11 |    34 |    85 ||   136
       Constrict         |     6 |    11 |    37 |    56 ||   110
       Punch             |     1 |     1 |     2 |     9 ||    13
       Whip              |       |       |    96 |   235 ||   331
       Unarmed           |       |       |    47 |     3 ||    50
 Cast: Ice Form          |       |       |     5 |     1 ||     6
       Summon Ice Beast  |       |       |     4 |    34 ||    38
       Frozen Ramparts   |       |       |     1 |    25 ||    26
       Call Canine Famil |       |       |       |    19 ||    19
Invok: Curse Item        |       |       |     3 |     3 ||     6
Evoke: Wand              |       |       |     4 |    10 ||    14
  Use: Potion            |       |       |     5 |    10 ||    15
       Scroll            |       |       |       |     7 ||     7
 Stab: Sleeping          |     1 |     6 |    28 |     9 ||    44
       Paralysed         |     1 |       |       |       ||     1
       Distracted        |       |       |     1 |     5 ||     6
       Fleeing           |       |       |       |     1 ||     1
Armor: Skin              |     2 |     3 |    40 |    29 ||    74
Dodge: Dodged            |    23 |    41 |   123 |   206 ||   393
Block: Other             |       |       |       |    35 ||    35
       Reflection        |       |       |       |     3 ||     3
